 Dungeon Crawl Stone Soup version 0.27.1-33-g824d729ab1 (webtiles) character file.

Game seed: 2395192499512894167

20 austinbyrn the Shield-Bearer (level 2, 0/19 HPs)
             Began as a Gargoyle Fighter on Dec 10, 2021.
             Slain by a rat (2 damage)
             ... on level 1 of the Dungeon.
             The game lasted 00:01:37 (540 turns).

austinbyrn the Shield-Bearer (Gargoyle Fighter)      Turns: 540, Time: 00:01:37

Health: 0/19       AC:  9    Str: 19    XL:     2   Next: 79%
Magic:  2/2        EV:  7    Int:  8    God:
Gold:   7          SH:  9    Dex:  9    Spells: 1/1 levels left

rFire    . . .     SeeInvis .   a - +0 flail
rCold    . . .     Faith    .   c - +0 kite shield
rNeg     + . .     Spirit   .   b - +0 scale mail
rPois    ∞         Reflect  .   (no helmet)
rElec    +         Harm     .   (no cloak)
rCorr    .         Rampage  .   (no gloves)
Will     .....                  (no boots)
Stlth    ..........             (no amulet)
HPRegen  0.06/turn              (no ring)
MPRegen  0.08/turn              (no ring)

@: mighty
A: sickness immunity, AC +2, negative energy resistance 1, electricity
resistance, torment resistance 1, petrification resistance
a: no special abilities


You were on level 1 of the Dungeon.
You visited 1 branch of the dungeon, and saw 1 of its levels.

You collected 7 gold pieces.

Inventory:

Hand Weapons
 a - a +0 flail (weapon)
Missiles
 g - 12 poisoned darts (quivered)
 h - 7 javelins
Armour
 b - a +0 scale mail (worn)
 c - a +0 kite shield (worn)
Scrolls
 f - a scroll of identify {unknown}


   Skills:
 + Level 3.5 Fighting
 * Level 2.3 Maces & Flails
 + Level 3.4 Armour
 * Level 3.7 Shields


You had one spell level left.
You didn't know any spells.
Your spell library contained the following spells:

 Spells                   Type           Power      Damage    Failure   Level
 Petrify                  Tmut/Erth      0%         N/A       100%        4
 Irradiate                Conj/Tmut      0%         3d14      100%        5
 Sublimation of Blood     Necr           Unusable   N/A       N/A         2

Dungeon Overview and Level Annotations

Branches:
Dungeon (1/15)

Altars:


Innate Abilities, Weirdness & Mutations

You are immune to sickness and miasma.
Your stone body is resilient. (AC +2)
You are immune to poison.
You resist negative energy. (rN+)
You are resistant to electric shocks. (rElec)
You are resistant to unholy torment.
You are immune to petrification.


Message History

You block the rat's attack. You block the jackal's attack. The rat bites you.
* * * LOW HITPOINT WARNING * * *
You closely miss the jackal. You block the bat's attack.
The jackal bites you but does no damage.
The jackal bites you.
* * * LOW HITPOINT WARNING * * *
The rat bites you but does no damage. The jackal bites you.
* * * LOW HITPOINT WARNING * * *
Your shield prevents you from hitting the rat.
The bat hits you but does no damage.
The jackal bites you but does no damage.
The rat barely misses you. You block the bat's attack.
The jackal barely misses you. The rat bites you but does no damage.
You barely miss the bat. You block the bat's attack.
You block the jackal's attack. The rat bites you but does no damage.
The jackal bites you but does no damage.
You miss the jackal. The bat hits you but does no damage.
You block the jackal's attack. The rat bites you but does no damage.
The jackal closely misses you. The rat barely misses you.
You barely miss the jackal. You block the bat's attack.
The bat hits you but does no damage. You block the jackal's attack.
The rat barely misses you. The jackal bites you.
* * * LOW HITPOINT WARNING * * *
You hit the jackal but do no damage. The bat barely misses you.
You block the jackal's attack. The rat bites you but does no damage.
The jackal bites you but does no damage.
The rat barely misses you.
You closely miss the jackal. You block the bat's attack.
The jackal bites you but does no damage. x2
You block the rat's attack.
You closely miss the jackal. The bat closely misses you.
The jackal barely misses you. The rat bites you but does no damage.
The jackal barely misses you. The rat bites you but does no damage.
You sock the jackal!
You kill the jackal!
The bat hits you but does no damage. The rat barely misses you.
You closely miss the bat. You block the bat's attack.
The bat hits you but does no damage. The rat bites you but does no damage.
You block the bat's attack. The rat bites you.
You die...

#.......###.......
#(.......##.......
#........##.......
#........##.....#.
##.......##.....#.
#########.......##.....#+
................###......
####....#+####### ####...
#....@†....# #...
#...r.b....# #...
#####........ #...
#........ ... #........
... #........ #........
##+##....


You could see a bat and a rat.

Vanquished Creatures
  2 dart slugs (D:1)
  3 ball pythons (D:1)
  An endoplasm (D:1)
  A hobgoblin (D:1)
  4 jackals (D:1)
  A quokka (D:1)
  A kobold (D:1)
  A rat (D:1)
14 creatures vanquished.

Notes
Turn   | Place    | Note
-------+----------+-------------------------------------------
     0 | D:1      | austinbyrn the Gargoyle Fighter began the quest for the
                  | Orb.
     0 | D:1      | Reached XP level 1. HP: 14/14 MP: 1/1
   225 | D:1      | Reached XP level 2. HP: 16/19 MP: 2/2
   294 | D:1      | Found a faded altar of an unknown god.
   540 | D:1      | Slain by a rat

Illustrated notes

Levels and vault maps discovered:
D:1:      lightli_arrival_boilingwater, layout_basic,
          chequers_ecumenical_altar_grove

Action                   || total
-------------------------++-------
Melee: Flail             ||    51
  Use: Potion            ||     2
Armor: Scale mail        ||    69
Dodge: Dodged            ||    34
Block: Kite shield       ||    57
